[Event "*** Titled Tuesday Blitz"]
[Site "Chess.com"]
[Date "2020.04.21"]
[Round "8"]
[White "Keks2017"]
[Black "hongnhung1234"]
[Result "1-0"]
[WhiteElo "2390"]
[BlackElo "2165"]
[TimeControl "180+1"]
[EndTime "11:38:54 PDT"]
[Termination "Keks2017 won by checkmate"]

1. e4 c5 2. d3 e6 3. g3 Nc6 4. Bg2 Nge7 5. f4 g6 6. Nf3 Bg7 7. O-O O-O 8. c3 d5 9. Qe2 b6 10. Re1 Ba6 11. e5 Bb7 12. Nbd2 b5 13. Nf1 b4 14.
Be3 bxc3 15. bxc3 d4 16. cxd4 cxd4 17. Bf2 Rb8 18. N1d2 Nd5 19. Nc4 Ba6 20. Rec1 Nc3 21.
Qd2 Bxc4 22. dxc4 Ne4 23. Qe1 Nxf2 24. Qxf2 Qb6 25. c5 Qb2 26. Ng5 Na5 27. Qxb2 Rxb2 28.
c6 Rc8 29. c7 d3 30. Rc5 Nb7 31. Rc3 d2 32. Rd1 Na5 33. Ne4 Bf8 34. Nd6 Rxc7 35. Rxc7 Rxa2 36. Rxa7 g5 37. fxg5 h6 38. g6 fxg6 39.
Bh3 Kh8 40. Bxe6 Rc2 41. Rxa5 h5 42. Rd5 Kg7 43. R5xd2 Rc5 44. Bd5 g5 45. Rf1 g4 46.
Kg2 Ra5 47. Rf7+ Kg8 48. Ra7+ Rxd5 49. Rxd5 h4 50. gxh4 g3 51. hxg3 Bg7 52. Nf5 Kh8 53.
Nxg7 Kh7 54. Nf5+ Kg6 55. e6 Kh5 56. e7 Kg4 57. Ne3# 1-0

[Event "*** Titled Tuesday Blitz"]
[Site "Chess.com"]
[Date "2020.04.21"]
[Round "8"]
[White "DinaBelenkaya"]
[Black "zajka-molotok"]
[Result "0-1"]
[WhiteElo "2228"]
[BlackElo "2410"]
[TimeControl "180+1"]
[EndTime "11:38:55 PDT"]
[Termination "zajka-molotok won on time"]

1. e4 e5 2. Nf3 Nc6 3. d4 exd4 4. Nxd4 Nf6 5. Nxc6 bxc6 6. Bd3 d5 7. exd5 cxd5 8. c4 Bb4+ 9. Nd2 O-O 10. O-O Bd6 11. Nf3 Bg4 12. h3 Bh5 13. cxd5 Nxd5 14. Be4 c6 15. Qd3 Nf6 16. Bg5 Rc8 17. Rfd1 Be7 18. Bxh7+ Nxh7 19. Qe2 Nxg5 20. Rxd8 Nxf3+ 21. gxf3 Bxd8 22.
Qe5 Bg6 23. Rd1 Bf6 24. Qc5 Bxb2 25. Rd7 a6 26. a4 Rfe8 27. Rd2 Bf6 28. a5 Re5 29.
Qb6 Rg5+ 30. Kf1 Re8 31. Qxc6 Re6 32. Qc8+ Kh7 33. h4 Rb5 34. Qc7 Bf5 35. Kg2 Bg6 36. Qc8 Bxh4 37. Qc4 Rh5 38. Rd1 Bf6 39. Rh1 Rxh1 40.
Kxh1 Bd8 41. Qb4 Bg5 42. Kg2 Rf6 0-1

[Event "*** Titled Tuesday Blitz"]
[Site "Chess.com"]
[Date "2020.04.21"]
[Round "8"]
[White "AustrianFalcon"]
[Black "Bigfish1995"]
[Result "0-1"]
[WhiteElo "2632"]
[BlackElo "3060"]
[TimeControl "180+1"]
[EndTime "11:38:56 PDT"]
[Termination "Bigfish1995 won by resignation"]

1. e4 e5 2. Nf3 Nc6 3. Bb5 a6 4. Ba4 Nf6 5. O-O b5 6. Bb3 Bc5 7. c3 Rb8 8. d4 Bd6 9. Re1 O-O 10.
Nbd2 h6 11. Nf1 Re8 12. Ng3 exd4 13. Nf5 Bf8 14. e5 d6 15. Nxg7 Bxg7 16. exf6 Rxe1+ 17. Qxe1 Bxf6 18. cxd4 Qf8 19. Qe4 Ne7 20. Qf4 Bg7 21.
Be3 a5 22. Bc2 f5 23. Bb3+ Kh8 24. Nh4 a4 25. Bc2 Qf6 26. g3 Be6 27. a3 Rf8 28. Re1 Bd5 29. Bd2 Kg8 30. Bc3 Rf7 31. Bd3 Bc6 32. d5 Nxd5 33. Bxf6 Nxf4 34. Bxf5 Bxf6 35.
gxf4 Bxh4 36. Be6 Bd8 37. Bxf7+ Kxf7 38. Rc1 Bd7 39. Rc3 c5 40. f3 Bf6 41. Rd3 Bd4+ 42.
Kg2 Bf5 43. Rd2 Ke6 44. Re2+ Kd5 45. Re8 Bxb2 46. Rb8 Bd3 47. Kg3 Bxa3 48. f5 Bb2 0-1

[Event "*** Titled Tuesday Blitz"]
[Site "Chess.com"]
[Date "2020.04.21"]
[Round "8"]
[White "DrVitman"]
[Black "praveenb2002"]
[Result "1-0"]
[WhiteElo "2565"]
[BlackElo "2710"]
[TimeControl "180+1"]
[EndTime "11:38:57 PDT"]
[Termination "DrVitman won by checkmate"]

1. e4 e5 2. Nf3 Nc6 3. Bb5 a6 4. Ba4 Nf6 5. Bxc6 dxc6 6. d3 Bd6 7. h3 Nd7 8. Nbd2 O-O 9. Qe2 Nc5 10. Nc4 Qe7 11.
Ne3 g6 12. Ng4 f6 13. Bh6 Re8 14. O-O-O Be6 15. Kb1 Na4 16. Bc1 Bc5 17. c3 b5 18.
Qc2 Nb6 19. d4 Bxg4 20. hxg4 Bd6 21. dxe5 Bxe5 22. g5 Nc4 23. gxf6 Bxf6 24. Rde1 Rad8 25. e5 Bg7 26. Bg5 Qc5 27. Bxd8 Rxd8 28. e6 b4 29. e7 Re8 30. Qb3 bxc3 31. Re4 Qxf2 32. Qxc4+ Kh8 33. Re2 Qb6 34. Ng5 h5 35. Qf7 Rg8 36. Rxh5+ gxh5 37. Qxh5+ Bh6 38. Qxh6# 1-0

[Event "*** Titled Tuesday Blitz"]
[Site "Chess.com"]
[Date "2020.04.21"]
[Round "8"]
[White "hellokostya"]
[Black "LionTheLeon_06"]
[Result "1-0"]
[WhiteElo "2489"]
[BlackElo "2610"]
[TimeControl "180+1"]
[EndTime "11:38:57 PDT"]
[Termination "hellokostya won by resignation"]

1. d4 Nf6 2. c4 e6 3. Nf3 b6 4. g3 Bb7 5. Bg2 Be7 6. O-O O-O 7.
Re1 Na6 8. Bf4 d6 9. Nc3 Ne4 10. Qc2 Nxc3 11. bxc3 g6 12. h4 c5 13. h5 Rc8 14.
hxg6 hxg6 15. Bh3 Nb8 16. Bxe6 Kg7 17. Bxc8 Bxc8 18. Kg2 g5 19. Rh1 f5 20. Be3 g4 21.
Bh6+ Kg8 22. Bxf8 gxf3+ 23. exf3 Bxf8 24. Rh5 Qf6 25. Rah1 Bg7 26. Qe2 Bd7 27. f4 Nc6 28.
Rg5 Nd8 29. Qh5 Kf8 30. Re1 cxd4 31. Rg6 Qf7 32. cxd4 Qxc4 33. Qg5 Bc6+ 34. Kh2 Ne6 35. Rgxe6 Qd5 36. Re8+ Bxe8 37. Qe7+ Kg8 38. Qxe8+ Kh7 39. Qh5+ Kg8 40. Re8+ Bf8 41. Qg6+ 1-0

[Event "*** Titled Tuesday Blitz"]
[Site "Chess.com"]
[Date "2020.04.21"]
[Round "8"]
[White "kakakz"]
[Black "Gentlejimmy7"]
[Result "1-0"]
[WhiteElo "2380"]
[BlackElo "2577"]
[TimeControl "180+1"]
[EndTime "11:38:57 PDT"]
[Termination "kakakz won by resignation"]

1. d4 Nf6 2. c4 g6 3. Nc3 d5 4. cxd5 Nxd5 5. e4 Nxc3 6. bxc3 Bg7 7. Be3 b6 8. Nf3 Bb7 9. Bd3 c5 10. Rc1 Nc6 11. O-O O-O 12. d5 Na5 13. c4 Bc8 14.
Nd2 e5 15. Nb3 Nb7 16. a4 Nd6 17. a5 f5 18. f3 Bd7 19. axb6 axb6 20. Ra1 f4 21. Bf2 g5 22. Rxa8 Qxa8 23. Qa1 h5 24. Qxa8 Rxa8 25. Ra1 Rxa1+ 26. Nxa1 Kf7 27. Kf1 g4 28. Ke2 Bf6 29. Nb3 gxf3+ 30. gxf3 Ke7 31. Nxc5 bxc5 32. Bxc5 Bg7 33. Bb4 Bf8 34. c5 Ba4 35.
cxd6+ Kd7 36. Kf2 Bxd6 37. Bxd6 Kxd6 38. Ba6 Bd7 39. Bf1 h4 40. Ba6 Kc5 41. Ke2 Bh3 42. Bb7 Kd4 43. Bc6 Kc5 44. Be8 Bc8 45. Bh5 Kd4 46.
Bg4 Ba6+ 47. Kf2 Bc4 48. d6 1-0

[Event "*** Titled Tuesday Blitz"]
[Site "Chess.com"]
[Date "2020.04.21"]
[Round "8"]
[White "MathiasWomacka"]
[Black "KarpovVadim"]
[Result "1/2-1/2"]
[WhiteElo "2445"]
[BlackElo "2326"]
[TimeControl "180+1"]
[EndTime "11:38:57 PDT"]
[Termination "Game drawn - insufficient material"]

1. e4 e5 2. Nf3 Nf6 3. Nxe5 d6 4. Nf3 Nxe4 5. d4 d5 6. Bd3 Be7 7. O-O Bf5 8. Nc3 O-O 9. Re1 Nxc3 10. bxc3 Bxd3 11. cxd3 Nc6 12. Rb1 Rb8 13. Bf4 Bd6 14.
Ne5 Bxe5 15. dxe5 d4 16. c4 Qd7 17. Qf3 b6 18. Re4 Rbe8 19. Rbe1 Re6 20. Bg3 Rfe8 21. h4 Ne7 22. h5 h6 23. Qg4 c5 24.
Bh4 Qc8 25. f4 Rc6 26. Qxc8 Rcxc8 27. Bxe7 Rxe7 28. f5 a6 29. Rb1 Rb8 30. a4 Kf8 31.
Kf2 Reb7 32. e6 b5 33. axb5 axb5 34. cxb5 Rxb5 35. Rxb5 Rxb5 36. Re5 Rb2+ 37. Kf3 Rc2 38.
g4 fxe6 39. fxe6 Ke7 40. Ke4 Re2+ 41. Kd5 Rxe5+ 42. Kxe5 c4 43. Kxd4 cxd3 44. Kxd3 Kxe6 45. Ke4 Kf6 46. Kf4 g6 47. hxg6 Kxg6 48. Kg3 Kg5 49.
Kh3 h5 50. gxh5 Kxh5 1/2-1/2

[Event "*** Titled Tuesday Blitz"]
[Site "Chess.com"]
[Date "2020.04.21"]
[Round "8"]
[White "ViktoriyaTarasova"]
[Black "annamaja"]
[Result "0-1"]
[WhiteElo "2326"]
[BlackElo "2244"]
[TimeControl "180+1"]
[EndTime "11:38:57 PDT"]
[Termination "annamaja won by checkmate"]

1. d4 Nf6 2. c4 e6 3. Nc3 Bb4 4. Qc2 O-O 5. Nf3 d5 6. cxd5 exd5 7. Bg5 c6 8. e3 h6 9. Bh4 Nbd7 10. Bd3 Re8 11. O-O Qa5 12. a3 Bf8 13. b4 Qb6 14. Na4 Qc7 15. Bg3 Bd6 16. Nc5 Bxg3 17. hxg3 Nb6 18. a4 a5 19. bxa5 Rxa5 20. Rfb1 Nbd7 21. Nb3 Ra7 22. a5 Ne4 23. Bxe4 dxe4 24. Nfd2 Nf6 25.
Qc5 Ra6 26. Qc2 Be6 27. Nc5 Rxa5 28. Rxa5 Qxa5 29. Nxb7 Qc7 30. Nc5 Bd5 31. Rb7 Qd6 32. Qb2 Ng4 33. Nf1 Bc4 34. Nd2 Bd5 35. Rb6 Qg6 36. Nf1 Bc4 37. Rb8 Rxb8 38. Qxb8+ Kh7 39. Qf4 Bxf1 40. Kxf1 f5 41. Qc7 Qh5 42. Nd7 Qh1+ 43. Ke2 Qxg2 44. Nf8+ Kg8 45. Qc8 Qxf2+ 46. Kd1 Nxe3+ 47.
Kc1 Qc2# 0-1

[Event "*** Titled Tuesday Blitz"]
[Site "Chess.com"]
[Date "2020.04.21"]
[Round "8"]
[White "IngOscarArdila"]
[Black "zivicd"]
[Result "1-0"]
[WhiteElo "2051"]
[BlackElo "2233"]
[TimeControl "180+1"]
[EndTime "11:38:57 PDT"]
[Termination "IngOscarArdila won on time"]

1. d4 Nf6 2. c4 e6 3. Nc3 Bb4 4. Bd2 O-O 5. Nf3 Bxc3 6. Bxc3 Ne4 7. Qc2 Nxc3 8. Qxc3 f5 9. e3 b6 10. Bd3 Bb7 11.
Be2 d6 12. O-O-O a5 13. d5 e5 14. Rhe1 Nd7 15. h4 h6 16. g3 Nc5 17. Bf1 Qf6 18. Nd2 Rae8 19. Bh3 Bc8 20. b3 Qg6 21. Qc2 Qf7 22. a3 Qf6 23. b4 axb4 24. axb4 Na6 25. Qb2 e4 26. Qxf6 Rxf6 27. b5 Nc5 28. Kc2 Nd3 29.
Rf1 Bd7 30. Ra1 Rc8 31. Nb3 Rff8 32. Nd4 g6 33. Kd2 Ra8 34. Ke2 Ne5 35. Rfc1 Kf7 36. h5 Kf6 37. hxg6 Kxg6 38. f4 exf3+ 39. Nxf3 Kf6 40.
Nd4 Kg6 41. e4 1-0

[Event "*** Titled Tuesday Blitz"]
[Site "Chess.com"]
[Date "2020.04.21"]
[Round "8"]
[White "Karacsonyi_Gellert"]
[Black "Mikhail_Biryukov"]
[Result "1/2-1/2"]
[WhiteElo "2515"]
[BlackElo "2675"]
[TimeControl "180+1"]
[EndTime "11:38:58 PDT"]
[Termination "Game drawn by repetition"]

1. e4 c5 2. Nf3 Nc6 3. d4 cxd4 4. Nxd4 Nf6 5. Nc3 e5 6. Nf5 d5 7. exd5 Bxf5 8. dxc6 Qxd1+ 9. Nxd1 bxc6 10. Ne3 Be6 11.
Nc4 Nd7 12. Be3 f5 13. f3 Be7 14. O-O-O Bf6 15. Bd3 Ke7 16. Rhe1 a5 17. Nb6 Nxb6 18. Bxb6 Kf7 19. Bc7 Bxa2 20. Bxe5 Be6 21. Bxf6 Kxf6 22. f4 a4 23. Re5 g6 24. Rde1 Bd5 25. g3 a3 26. bxa3 Rxa3 27. Kd2 Rd8 28. Re7 Be4 29. Rc7 Bxd3 30. Rxc6+ Kg7 31. cxd3 Raxd3+ 32. Kc1 R8d7 33. Rce6 Rc3+ 34. Kb2 Rcc7 35. R1e2 Kh6 36. Rc2 Ra7 37.
Ree2 Kh5 38. h3 Rd3 39. Rg2 Rb7+ 40. Kc1 Rb5 41. g4+ Kh4 42. gxf5 Rxf5 43. Rc7 Rh5 44.
Rg5 Rh6 45. Rc2 Kxh3 46. Rcg2 Rh4 47. Rg1 Kh2 48. R1g2+ Kh3 49. Rg1 Kh2 50. R1g2+ Kh3 1/2-1/2

[Event "*** Titled Tuesday Blitz"]
[Site "Chess.com"]
[Date "2020.04.21"]
[Round "8"]
[White "benko_008"]
[Black "ChessTraining77"]
[Result "1/2-1/2"]
[WhiteElo "2515"]
[BlackElo "2650"]
[TimeControl "180+1"]
[EndTime "11:38:58 PDT"]
[Termination "Game drawn by repetition"]

1. Nf3 Nf6 2. g3 d5 3. Bg2 c6 4. d3 Bf5 5. Nh4 Bg4 6. h3 Bh5 7. g4 Bg6 8. e3 e5 9. Nd2 Bd6 10.
Qe2 Qe7 11. Nf1 Nfd7 12. Nxg6 hxg6 13. Bd2 a5 14. f4 a4 15. a3 Na6 16. Ng3 Nc7 17.
Rf1 Ne6 18. Kd1 O-O-O 19. c3 Rde8 20. Qf2 Nec5 21. Kc2 e4 22. dxe4 dxe4 23. Qe2 Qe6 24. c4 Nb6 25. Bc3 f6 26. Rad1 Nxc4 27. f5 gxf5 28.
Nxf5 Bf8 29. Nd4 Qf7 30. Kb1 Nd3 31. Rxd3 exd3 32. Qxd3 Nxe3 33. Nxc6 Nxg2 34. Qf5+ Qd7 35.
Na7+ Kd8 36. Ba5+ Ke7 37. Bb4+ Kd8 38. Ba5+ Ke7 39. Bb4+ Kd8 40. Ba5+ 1/2-1/2

[Event "*** Titled Tuesday Blitz"]
[Site "Chess.com"]
[Date "2020.04.21"]
[Round "8"]
[White "Charlottemillard17"]
[Black "Funkmaus"]
[Result "0-1"]
[WhiteElo "1385"]
[BlackElo "2200"]
[TimeControl "180+1"]
[EndTime "11:38:58 PDT"]
[Termination "Funkmaus won on time"]

1. e4 c6 2. d4 d5 3. exd5 cxd5 4.
c4 Nf6 5. Nc3 Nc6 6. Nf3 g6 7.
Bf4 Bg7 8. Be2 O-O 9. O-O a6 10. Qd2 dxc4 11. Bxc4 b5 12. Bb3 Bb7 13. Rfd1 Na5 14.
Bc2 Bxf3 15. gxf3 Nc4 16. Qc1 Nd5 17. Bh6 Rc8 18. Bxg7 Kxg7 19. Nxd5 Qxd5 20. Be4 Qh5 21.
b3 Nd6 22. Qf4 Qh6 23. Qe5+ Kg8 24. Bb7 Nxb7 25. f4 e6 26. Rd3 Qg7 27. Qg5 Nc5 28. Rh3 Ne4 29. Qh4 Rcd8 30. Re1 Nf6 31. f5 exf5 0-1

[Event "*** Titled Tuesday Blitz"]
[Site "Chess.com"]
[Date "2020.04.21"]
[Round "8"]
[White "HomayoonTofighi"]
[Black "swimmerchess"]
[Result "0-1"]
[WhiteElo "2916"]
[BlackElo "2857"]
[TimeControl "180+1"]
[EndTime "11:38:59 PDT"]
[Termination "swimmerchess won by resignation"]

1. e4 c5 2. Nf3 d6 3. Bb5+ Nd7 4.
d4 cxd4 5. Qxd4 a6 6. Bxd7+ Bxd7 7. c4 e5 8. Qd3 b5 9. Nc3 bxc4 10. Qxc4 Be6 11. Qc6+ Bd7 12. Qc4 h6 13. O-O Nf6 14. Rd1 Be7 15. b3 O-O 16. Qd3 Rc8 17. Bb2 Qb6 18.
Rac1 Qb7 19. Nd2 Be6 20. Nf1 Nd7 21. Ne3 Nc5 22. Qb1 Bg5 23. Rxd6 Bxe3 24. fxe3 Qe7 25. Rd2 Qg5 26. Re1 Rfd8 27. Nd5 f5 28. Bxe5 Nxe4 29. Bf4 Nxd2 30. Bxg5 Nxb1 31. Bxd8 Bxd5 32. Ba5 Be4 33. Rd1 Nc3 34. Rd2 Nd5 35. Kf2 Kf7 36. Rb2 Ke6 37. Bd2 g5 38. h3 h5 39. b4 h4 40.
a4 Nb6 41. b5 Nxa4 42. Rb4 axb5 43. Rxb5 Rc2 44. Ke1 Nb2 45. Rb6+ Kd5 46. Rb5+ Kc6 47. Rb8 Nc4 48. Bb4 Nxe3 49. Rc8+ Kd7 0-1

[Event "*** Titled Tuesday Blitz"]
[Site "Chess.com"]
[Date "2020.04.21"]
[Round "8"]
[White "GOGIEFF"]
[Black "Dr-Bassem"]
[Result "1-0"]
[WhiteElo "2959"]
[BlackElo "2797"]
[TimeControl "180+1"]
[EndTime "11:39:00 PDT"]
[Termination "GOGIEFF won on time"]

1. d4 e6 2. c4 f5 3. g3 Nf6 4. Bg2 Be7 5. d5 e5 6. Nc3 Bb4 7. Bd2 O-O 8. a3 Bxc3 9. Bxc3 d6 10. f4 exf4 11. gxf4 Ne4 12. Bxe4 Qh4+ 13. Kf1 fxe4 14.
e3 Nd7 15. Qe1 Qh6 16. Qg3 Ne5 17. Ne2 Bh3+ 18. Ke1 Nxc4 19. Rg1 Rf7 20. Nd4 Re8 21. Rd1 Nb6 22. Ne2 Bf5 23. h4 Bg6 24. Qg5 Qxg5 25. Rxg5 Rf5 26. Ng3 Rxg5 27. hxg5 Bf7 28. Nf5 Nxd5 29.
Bxg7 Nxe3 30. Nxe3 Kxg7 31. Kf2 d5 32. Nxd5 Rd8 33.
Ne3 Rxd1 34. Nxd1 Kg6 35. Ke3 Kf5 36. Nc3 b6 37. Nxe4 Bg6 38. Nc3 Ke6 39. Nb5 Kd7 40. Nxa7 1-0

[Event "*** Titled Tuesday Blitz"]
[Site "Chess.com"]
[Date "2020.04.21"]
[Round "8"]
[White "joksijoksi"]
[Black "CzechmVIII"]
[Result "1-0"]
[WhiteElo "2371"]
[BlackElo "2235"]
[TimeControl "180+1"]
[EndTime "11:39:00 PDT"]
[Termination "joksijoksi won on time"]

1. e4 c5 2. Nf3 d6 3. d4 cxd4 4. Nxd4 Nf6 5. Nc3 g6 6. Be3 Bg7 7. f3 O-O 8. Qd2 Nc6 9. g4 Be6 10. Nxe6 fxe6 11. O-O-O Ne5 12. Be2 Qc8 13. h4 Nc4 14. Bxc4 Qxc4 15. h5 Nd7 16. hxg6 hxg6 17. f4 Bxc3 18. bxc3 Qxa2 19. Qh2 Kf7 20. Qh7+ Ke8 21.
Qxg6+ Kd8 22. e5 Rc8 23. exd6 Qa1+ 24. Kd2 Qxc3+ 25. Ke2 Qxc2+ 26. Qxc2 Rxc2+ 27. Kd3 Rc6 28. dxe7+ Kxe7 29. Ke4 Nf6+ 30. Kf3 Nd5 31. Rh7+ Rf7 32. Rxf7+ Kxf7 33. Bd4 a5 34. Rh1 Rc4 35. Be5 b5 36. Rh7+ Ke8 37. g5 a4 38. g6 Ne7 39. Rh8+ Kd7 40.
g7 Rc8 41. Bd6 Ng8 42. Bf8 Rb8 43. Rxg8 b4 44. Rh8 b3 45. Ba3 b2 46. Rxb8 1-0

[Event "*** Titled Tuesday Blitz"]
[Site "Chess.com"]
[Date "2020.04.21"]
[Round "8"]
[White "ama18"]
[Black "Dinamo81"]
[Result "0-1"]
[WhiteElo "2476"]
[BlackElo "2626"]
[TimeControl "180+1"]
[EndTime "11:39:01 PDT"]
[Termination "Dinamo81 won on time"]

1. e4 e6 2. d4 d5 3. Nc3 Bb4 4. Qd3 Nf6 5. e5 Nfd7 6. a3 Bf8 7. Qg3 h6 8. f4 b6 9. Nf3 Ba6 10.
Bxa6 Nxa6 11. O-O c5 12. f5 Qe7 13. fxe6 Qxe6 14. Kh1 O-O-O 15. Qf2 g5 16. dxc5 Bxc5 17. Qe2 Nc7 18. Be3 Bxe3 19. Qxe3 f6 20. Rae1 Rhe8 21.
Nd4 Qxe5 22. Qf2 Qd6 23. Nf5 Qf8 24. Rxe8 Rxe8 25. Rd1 Re5 26. Ne3 Qc5 27. Ng4 Qxf2 28.
Nxf2 d4 29. Nb1 Re2 30. Ng4 h5 31. Nh6 Rxc2 32. Nf5 Ne6 33. h3 Rxb2 34. Nd2 Ne5 35. Ne4 d3 36. Nxf6 Nf4 37. Ne3 Re2 38. Ned5 Nxg2 39. Rc1+ Kd8 0-1

[Event "*** Titled Tuesday Blitz"]
[Site "Chess.com"]
[Date "2020.04.21"]
[Round "8"]
[White "RestartingChess"]
[Black "Angel_Hranitel_37"]
[Result "0-1"]
[WhiteElo "2520"]
[BlackElo "2389"]
[TimeControl "180+1"]
[EndTime "11:39:01 PDT"]
[Termination "Angel_Hranitel_37 won by resignation"]

1. e4 c5 2. Nf3 e6 3. b3 b6 4. Bb2 Bb7 5. Nc3 Nc6 6. Bb5 Be7 7. O-O Nh6 8. d4 cxd4 9. Nxd4 O-O 10. h3 Bf6 11. Nf3 a6 12. Bd3 Nd4 13. Rb1 Nxf3+ 14. Qxf3 Bd4 15. Na4 Bxb2 16. Rxb2 Nf5 17. Qd1 Nd4 18. Bxa6 Bxa6 19. Qxd4 Bxf1 20. Kxf1 b5 21. Nc3 Qg5 22. Rb1 Rfc8 23. a4 b4 24. Qxb4 Qd2 25. Nd5 Qxc2 26. Ne7+ Kh8 27. Re1 Qc5 28. Qxc5 Rxc5 29. Rd1 Rc7 30. b4 d5 31. exd5 Rxe7 32. d6 Rd7 33. a5 g5 34. Ke2 Kg7 35. Ke3 f5 36. f4 gxf4+ 37. Kxf4 Kf6 38. g4 e5+ 39. Kf3 fxg4+ 40. hxg4 Ke6 41. Ke4 Rxd6 42. Rh1 Rd4+ 43. Ke3 Rxb4 44. Rh6+ Kd5 45. Rxh7 Rxa5 46. Rd7+ Ke6 47. Rd3 Rxg4 48. Kf3 Rf4+ 49. Kg3 Ra8 50. Rb3 Rg8+ 51. Kh3 Rf6 52. Rb6+ Kf5 0-1

[Event "*** Titled Tuesday Blitz"]
[Site "Chess.com"]
[Date "2020.04.21"]
[Round "8"]
[White "GM4life"]
[Black "Milchone1"]
[Result "0-1"]
[WhiteElo "2199"]
[BlackElo "2491"]
[TimeControl "180+1"]
[EndTime "11:39:01 PDT"]
[Termination "Milchone1 won by checkmate"]

1. e4 e5 2. Nf3 Nc6 3. Bb5 Nge7 4. d4 exd4 5. Nxd4 g6 6. O-O Bg7 7. Be3 O-O 8. Nc3 a6 9. Bc4 b5 10. Bb3 Bb7 11. Re1 d6 12. Qd2 Na5 13. a3 c5 14. Nf3 Nxb3 15. cxb3 b4 16. axb4 cxb4 17. Nd5 Nxd5 18. exd5 a5 19. Bd4 Re8 20. Bxg7 Rxe1+ 21. Rxe1 Kxg7 22. Re4 Qf6 23. Rf4 Qe7 24. Rh4 h5 25. Qd4+ Qf6 26. Kf1 Rc8 27. Qxf6+ Kxf6 28. Rf4+ Ke7 29.
Rd4 Rc5 30. Nd2 Bxd5 31. f3 f5 32. Ke2 Ke6 33. h4 Rc2 34. Kd3 Rxb2 35. g4 Bxb3 36. gxh5 gxh5 37. Nf1 Bc2+ 38. Ke3 a4 39. Ng3 a3 40.
Nxh5 a2 41. Nf4+ Kd7 42. h5 a1=Q 43. h6 Qc1+ 44. Kf2 Be4+ 45. Kg3 Qg1+ 46. Ng2 Rxg2+ 47. Kf4 Qxd4 48. h7 Qe5+ 49. Ke3 Bxf3+ 50. Kxf3 Qe4# 0-1

[Event "*** Titled Tuesday Blitz"]
[Site "Chess.com"]
[Date "2020.04.21"]
[Round "8"]
[White "Hikaru"]
[Black "Grischuk"]
[Result "1-0"]
[WhiteElo "3236"]
[BlackElo "3096"]
[TimeControl "180+1"]
[EndTime "11:39:02 PDT"]
[Termination "Hikaru won on time"]

1. e4 e5 2. Nf3 Nc6 3. Bb5 Nf6 4. d3 Bc5 5. O-O d6 6. Be3 Bxe3 7. fxe3 O-O 8. Qe1 Ne7 9. Ba4 Ng6 10. Nc3 c6 11. Nh4 d5 12. Nxg6 hxg6 13. Qg3 dxe4 14. Bb3 exd3 15.
Qxg6 Qe7 16. cxd3 Be6 17. Qg5 Bxb3 18. axb3 Qe6 19. Ra4 Rfd8 20. Rh4 Rxd3 21. Rh3 Qg4 22. Qxe5 Re8 23. Qc7 Rd7 24. Qa5 b6 25. Qa6 Qe6 26.
Qe2 b5 27. b4 Qg4 28. Qc2 Qg6 29. Qf2 Ng4 30. Qf4 Nh6 31. Rg3 Qe6 32. h3 Rde7 33.
Ne2 Kh7 34. Nd4 Qe4 35. Qf2 f6 36. Rc1 Rc8 37. Nxb5 Qxb4 38. Nd4 c5 39. Nf5 1-0

[Event "*** Titled Tuesday Blitz"]
[Site "Chess.com"]
[Date "2020.04.21"]
[Round "8"]
[White "BursaBBSatranc"]
[Black "Lagmantr"]
[Result "1-0"]
[WhiteElo "2545"]
[BlackElo "2708"]
[TimeControl "180+1"]
[EndTime "11:39:03 PDT"]
[Termination "BursaBBSatranc won by checkmate"]

1. d4 d5 2. Bf4 Nf6 3. e3 c5 4. c3 Nc6 5. Nd2 g6 6. Ngf3 Bg7 7.
dxc5 O-O 8. Bb5 Nd7 9. Nb3 a6 10.
Be2 e5 11. Bg5 Nf6 12. O-O h6 13. Bh4 e4 14. Nfd4 g5 15. Bg3 Re8 16. Nxc6 bxc6 17. Nd4 Bd7 18. b4 h5 19. Bxh5 g4 20. Bh4 Qc8 21. Bxf6 Bxf6 22. Rc1 Re5 23. Bxf7+ Kxf7 24. c4 dxc4 25. Rxc4 Rh5 26. Ne2 Rd5 27. Qc2 Bf5 28. Ng3 Bg6 29. Nxe4 Qe6 30. f3 g3 31. hxg3 Rad8 32. Qf2 Rh5 33. Rcc1 Rdh8 34. Qd2 Bxe4 35. fxe4 Qxe4 36. Qd7+ Qe7 37. Rxf6+ Kxf6 38. Rf1+ Kg6 39. Qxe7 R8h7 40. Rf6+ Kg5 41. Qe5+ Kg4 42. Qf4# 1-0

[Event "*** Titled Tuesday Blitz"]
[Site "Chess.com"]
[Date "2020.04.21"]
[Round "8"]
[White "jfriedel"]
[Black "sergiochess83"]
[Result "1/2-1/2"]
[WhiteElo "2611"]
[BlackElo "2812"]
[TimeControl "180+1"]
[EndTime "11:39:04 PDT"]
[Termination "Game drawn by agreement"]

1. Nf3 d5 2. g3 c6 3. c4 Nf6 4. Bg2 dxc4 5. O-O Nbd7 6. Na3 Nb6 7. Qc2 Be6 8. Ng5 Bg4 9. Nxc4 Bxe2 10. Ne5 Bh5 11. a4 Nbd5 12. Nxc6 Qc7 13. Nb4 Qxc2 14. Nxc2 e6 15. Ne3 Rd8 16. d4 Be7 17. Bd2 O-O 18.
Rfc1 h6 19. Ne4 Rd7 20. Nc5 Rc7 21. Nxd5 Nxd5 22. Bxd5 exd5 23. Bf4 Rc6 24. Nxb7 Rb6 25. Na5 Rxb2 26. Nc6 Bf6 27. Be5 Bxe5 28. Nxe5 Rd2 29.
Nc6 a6 30. a5 Re8 31. Re1 Rxe1+ 32. Rxe1 Bf3 33. h3 g5 34. Ne5 Be4 35. f3 Bf5 36. Nc6 Kg7 37. g4 Be6 38. Rb1 Bd7 39. Rb6 Bxc6 40. Rxc6 Rxd4 41. Rxa6 Rd2 42. Ra8 d4 43. a6 d3 44. Rd8 Ra2 45. Rxd3 Rxa6 1/2-1/2

[Event "*** Titled Tuesday Blitz"]
[Site "Chess.com"]
[Date "2020.04.21"]
[Round "8"]
[White "SketchyMoves"]
[Black "Noam_Vitenberg"]
[Result "1-0"]
[WhiteElo "2667"]
[BlackElo "2491"]
[TimeControl "180+1"]
[EndTime "11:39:04 PDT"]
[Termination "SketchyMoves won on time"]

1. b3 Nf6 2. Bb2 d5 3. Nf3 Bf5 4. e3 e6 5. Be2 Be7 6. Nh4 Be4 7. d3 Bg6 8. Nd2 Nbd7 9. a3 c6 10. h3 Qc7 11. O-O O-O 12. Nxg6 hxg6 13. c4 a5 14. Rc1 Rac8 15. Qc2 Qb8 16. Qb1 b5 17.
Rfd1 Rfd8 18. Qa1 Qb7 19. Nf3 a4 20. b4 c5 21. cxd5 Nxd5 22. bxc5 Nxc5 23. Nd2 Bf6 24. Bxf6 Nxf6 25. d4 Nfe4 26. Nxe4 Nxe4 27. Qb2 Rb8 28.
Bf3 Qd5 29. Rc5 Qb7 30. Rdc1 f5 31. Rc7 Qd5 32. Bxe4 Qxe4 33. Qb4 Re8 34. Rd7 Qh4 35.
Rcc7 Qf6 36. Qd6 Red8 37. Rxg7+ Qxg7 38. Qxe6+ Kh8 39. Rxg7 Kxg7 40. Qe7+ Kg8 41. h4 b4 42. axb4 a3 43. Qe6+ Kg7 44. Qe7+ Kg8 45. Qf6 1-0

[Event "*** Titled Tuesday Blitz"]
[Site "Chess.com"]
[Date "2020.04.21"]
[Round "8"]
[White "OhanyanEminChess"]
[Black "KubaGepard"]
[Result "0-1"]
[WhiteElo "2492"]
[BlackElo "2381"]
[TimeControl "180+1"]
[EndTime "11:39:04 PDT"]
[Termination "KubaGepard won by resignation"]

1. e4 e5 2. Nf3 Nc6 3. Bc4 Bc5 4. O-O Nf6 5. d3 O-O 6. c3 a6 7. h3 h6 8. Re1 d6 9. Nbd2 Ba7 10. Bb3 Nh5 11.
Nf1 Qf6 12. Ne3 Nf4 13. Nd5 Nxd5 14. Bxd5 Ne7 15. Bb3 Ng6 16. d4 Nf4 17. Bxf4 Qxf4 18. Qd3 Be6 19. Bc2 Rad8 20. Qe3 Qxe3 21. Rxe3 f5 22. exf5 Bxf5 23. Bxf5 Rxf5 24. Rd1 Rdf8 25. Re2 exd4 26. Nxd4 Bxd4 27. Rxd4 R8f7 28. a3 g6 29. Rde4 Kg7 30. Re8 a5 31. f3 b6 32. Kf2 g5 33. b4 Rd5 34. Rc2 Rd1 35. Kg3 Ra1 36. bxa5 bxa5 37. Re4 Rxa3 38. Kg4 Rb3 39. Kh5 Rb5 40.
c4 Rc5 41. Rb2 a4 42. Ra2 Ra5 43. c5 Rxc5 44. Rexa4 Rcf5 45. Rg4 Rf4 46. Rd2 Rxg4 47. hxg4 Re7 48. Rc2 c5 49. Ra2 c4 50. Ra6 Re1 51. Ra7+ Kf6 0-1

[Event "*** Titled Tuesday Blitz"]
[Site "Chess.com"]
[Date "2020.04.21"]
[Round "8"]
[White "Budisavljevic"]
[Black "queen_iryna"]
[Result "1-0"]
[WhiteElo "2434"]
[BlackElo "2287"]
[TimeControl "180+1"]
[EndTime "11:39:05 PDT"]
[Termination "Budisavljevic won by resignation"]

1. d4 d5 2. Bf4 Nf6 3. e3 c5 4. c3 Nc6 5. Nd2 e6 6. Ngf3 cxd4 7. exd4 Nh5 8. Be3 Bd6 9. Ne5 Nf6 10. Ndf3 O-O 11. Bd3 Ne4 12. Qc2 f5 13. O-O Nxe5 14. dxe5 Be7 15. Nd4 Bd7 16. f3 Nc5 17. Be2 f4 18.
Bf2 Bh4 19. Rae1 Bxf2+ 20. Rxf2 Qg5 21. Bf1 Rae8 22. b4 Na6 23. Qb3 Nc7 24. b5 b6 25.
a4 Re7 26. a5 Be8 27. c4 Bg6 28. Nc6 Ree8 29. Nxa7 bxa5 30. c5 d4 31. Nc6 Nd5 32.
Nxd4 Ne3 33. Nxe6 Qxe5 34. Nxf8+ Bf7 35. Qb2 Qxc5 36. Nd7 Qa7 37. b6 Qxd7 38. Bb5 Qd5 39.
Bxe8 Bxe8 40. b7 1-0